Map: Cyber Forest LE

Players

Trap - Winner!

  • Race: Protoss Protoss
  • Spawn Location: 11:00

Bly

  • Race: Zerg Zerg
  • Spawn Location: 5:00

Event: IEM Season 13: Katowice (2019)

VOD

Have the link to the VOD?

Description

Time

  • Played on: Feb. 25, 2019, 11:52 a.m.
  • Length: 11:05

All games in this series

Show
View Real Time Build Order
Export as new Build Order

Trap Protoss - Winner!

Build Orders: 1 Gate Expand 

Get SALT Encoding   

  12  0:00  Probe  
  13  0:12  Probe  
  14  0:20  Pylon  
  14  0:24  Probe  
  15  0:34  Probe  
  15  0:42  Probe  
  16  0:43  Gateway  
  17  0:51  Assimilator  
  17  0:52  Probe  
  18  0:59  Pylon  
  18  1:04  Probe  
  19  1:16  Probe  
  20  1:30  Cybernetics Core  
  20  1:37  Nexus  
  20  1:42  Zealot  
  22  1:49  Pylon  
  22  1:53  Probe  
  23  2:00  Adept, Assimilator  
  23  2:09  Warp Gate  
  25  2:16  Probe  
  26  2:24  Stalker  
  26  2:28  Probe  
  28  2:41  Gateway  
  28  2:42  Probe  
  29  2:51  Sentry  
  29  2:52  Shield Battery  
  29  2:57  Shield Battery  
  31  3:07  Robotics Facility  
  31  3:08  Probe  
  31  3:09  Probe  
  33  3:16  Probe  
  33  3:17  Probe  
  33  3:26  Probe  
  35  3:27  Probe  
  35  3:28  Sentry  
  39  3:38  Probe  
  39  3:40  Probe  
  41  3:44  Pylon  
  41  3:52  Immortal  
  41  3:53  Pylon  
  41  3:56  Stalker  
  47  4:05  Zealot  
  49  4:11  Shield Battery  
  49  4:15  Shield Battery  
  45  4:20  Zealot  
  44  4:25  Sentry  
  44  4:33  Immortal  
  38  4:46  Zealot  
  38  4:49  Zealot  
  42  4:56  Probe  
  42  4:57  Probe  
  42  5:06  Warp Prism  
  42  5:10  Probe  
  42  5:12  Probe  
  46  5:22  Probe x2  
  48  5:30  Probe  
  48  5:34  Probe, Pylon  
  50  5:38  Probe  
  51  5:46  Probe  
  52  5:50  Probe  
  53  5:58  Probe  
  53  5:59  Probe  
  53  6:00  Stargate  
  53  6:03  Stargate  
  55  6:06  Probe  
  55  6:11  Probe  
  57  6:14  Assimilator  
  57  6:15  Assimilator  
  57  6:16  Probe, Pylon  
  57  6:19  Observer  
  57  6:23  Probe  
  57  6:24  Pylon  
  60  6:29  Probe  
  61  6:35  Probe  
  62  6:41  Probe  
  62  6:42  Phoenix  
  62  6:43  Zealot  
  62  6:44  Zealot  
  67  6:50  Phoenix  
  67  6:53  Probe  
  67  6:54  Pylon, Probe  
  73  7:02  Phoenix  
  75  7:09  Phoenix  
  75  7:15  Zealot  
  75  7:16  Zealot  
  75  7:18  Pylon  
  75  7:20  Phoenix  
  81  7:23  Forge  
  81  7:36  Phoenix  
  75  7:45  Phoenix  
  75  7:48  Nexus  
  75  7:50  Pylon  
  77  7:57  Sentry x2, Protoss Ground Weapons Level 1  
  81  8:06  Probe x2  
  80  8:14  Phoenix  
  82  8:20  Zealot x2  
  82  8:24  Phoenix  
  88  8:59  Gateway x2  
  88  9:00  Immortal, Gateway  
  87  9:03  Gateway  
  87  9:06  Sentry x2  
  95  9:17  Nexus  
  95  9:21  Pylon  
  95  9:28  Immortal  
  95  9:31  Sentry, Zealot  
  95  9:38  Pylon  
  101  9:47  Probe  
  101  9:48  Probe  
  102  9:59  Probe  
  103  10:01  Stalker x5  
  103  10:03  Adept  
  115  10:12  Probe x2  
  116  10:23  Twilight Council  
  116  10:26  Probe x2  
  118  10:45  Sentry x2  
  118  10:46  Zealot x4  
  126  10:51  Probe x3  
Show
View Real Time Build Order
Export as new Build Order

Bly Zerg 

Build Orders: Pool First 

Get SALT Encoding   

  12  0:01  Drone  
  13  0:12  Overlord  
  13  0:18  Drone  
  14  0:30  Drone x2  
  16  0:41  Spawning Pool  
  15  0:44  Extractor  
  15  0:46  Drone  
  15  0:50  Drone  
  16  0:59  Drone  
  17  1:16  Hatchery  
  16  1:28  Zergling x6  
  19  1:45  Metabolic Boost  
  19  1:47  Queen  
  21  1:58  Drone  
  21  2:01  Overlord  
  22  2:13  Roach Warren  
  20  2:48  Overlord  
  19  2:57  Roach  
  19  2:58  Roach x5  
  31  3:07  Zergling x6  
  31  3:11  Zergling x2  
  35  3:19  Zergling x4  
  37  3:30  Zergling x2  
  37  3:31  Zergling x2  
  39  3:34  Ravager  
  39  3:36  Ravager  
  39  3:39  Zergling x4  
  43  3:45  Overlord  
  43  4:01  Zergling x6  
  40  4:15  Ravager  
  40  4:16  Zergling x8  
  43  4:24  Zergling x4  
  42  4:38  Zergling x8  
  42  4:45  Zergling x2  
  32  5:03  Queen  
  32  5:05  Drone  
  32  5:06  Drone x2  
  29  5:10  Drone  
  30  5:16  Drone  
  30  5:18  Drone  
  32  5:22  Drone  
  32  5:27  Drone  
  34  5:30  Drone  
  34  5:31  Drone  
  36  5:53  Hatchery  
  35  5:58  Overlord  
  35  6:03  Drone x3  
  35  6:04  Drone  
  39  6:14  Drone x4  
  43  6:20  Queen  
  45  6:29  Zergling x8  
  47  6:35  Zergling x4  
  48  6:40  Roach  
  48  6:41  Roach  
  48  6:43  Extractor  
  51  6:54  Overlord x2  
  49  7:04  Roach  
  49  7:05  Roach  
  52  7:12  Zergling x10  
  54  7:18  Ravager  
  54  7:19  Zergling x6  
  54  7:20  Zergling x2  
  53  7:33  Zergling x12  
  55  7:39  Drone x2  
  55  7:43  Lair  
  57  7:49  Roach x2  
  61  7:57  Overlord  
  59  8:06  Roach x5  
  66  8:14  Spore Crawler  
  60  8:28  Spore Crawler  
  56  8:37  Overlord x5  
  56  8:38  Overlord  
  54  8:41  Spore Crawler  
  52  8:58  Drone x3  
  52  8:59  Drone  
  52  9:00  Drone x5  
  59  9:11  Queen  
  60  9:19  Drone x3  
  60  9:20  Drone x2  
  65  9:25  Queen  
  65  9:29  Overlord x2  
  67  9:39  Spore Crawler  
  67  9:42  Overlord  
  64  9:47  Overlord x2  
  64  9:52  Queen x2  
  64  9:57  Ravager x2  
  64  9:58  Ravager x4  
  64  9:59  Overlord  
  74  10:06  Zergling x8  
  81  10:10  Spore Crawler  
  69  10:32  Zergling x12  
  68  10:43  Roach x2  

Tags
 
Add a new tag
Caveats
  • Supply blocks, unpowered buildings, or Contaminate may cause inaccurate times.
  • Supply counts are checked every 10 seconds.